AoeStats
← home-print1

Arabia

508095882Analyzed
2v2 RM · 12d ago on Sep 20, 2026· 44m 20s· 4 players
Game mode
Random Map
Map size
Medium (4 player)
Population
200
Speed
Normal
Resources
Standard
Victory
Conquest
Starting age
Dark Age
Ending age
Imperial Age
RankedLock teamsTeams togetherTeam positionsShared explorationLock speedFull tech treeHidden civsTurbo modeCheats
Victory
Defeat
🇩🇪 Ethiopians · Germany
1154
+16
🇮🇳 Persians · India
1119
+17
🇲🇽 Ethiopians · Mexico
1147
-17
🇲🇽 Gurjaras · Mexico
1146
-16
P A T S H A
8:13 Loom
10:42 Feudal Age
11:12 Double-Bit Axe
17:47 Castle Age
17:31 Scale Barding Armor
17:37 Forging
19:11 Bow Saw
20:51 Bloodlines
24:50 Chain Barding Armor
28:50 Town Watch
30:23 Iron Casting
33:56 Crossbowman
34:29 Fletching
34:39 Padded Archer Armor
35:36 Thumb Ring
36:40 Kamandaran
iKzumG
3:36 Loom
10:32 Feudal Age
11:14 Double-Bit Axe
14:35 Fletching
17:37 Padded Archer Armor
24:24 Castle Age
22:19 Horse Collar
23:01 Gold Mining
24:27 Crossbowman
25:08 Bodkin Arrow
26:56 Ballistics
29:03 Leather Archer Armor
31:09 Thumb Ring
33:52 Wheelbarrow
37:47 Imperial Age
37:51 Arbalester
39:35 Chemistry
38:41 Bracer
41:34 Conscription
41:46 Bow Saw
41:50 Heavy Plow
cobian.1234
5:34 Loom
9:18 Feudal Age
10:48 Double-Bit Axe
12:39 Fletching
21:29 Castle Age
22:22 Thumb Ring
22:01 Crossbowman
23:36 Padded Archer Armor
24:49 Bodkin Arrow
27:10 Leather Archer Armor
28:33 Ballistics
29:01 Gold Mining
33:04 Town Watch
37:24 Elite Skirmisher
41:51 Bow Saw
41:24 Horse Collar
43:26 Wheelbarrow
home-print1
3:31 Loom
6:42 Loom
10:04 Feudal Age
13:45 Double-Bit Axe
16:01 Fletching
16:12 Padded Archer Armor
21:05 Scale Mail Armor
21:16 Forging
26:34 Castle Age
26:21 Wheelbarrow
27:28 Gold Mining
28:06 Bow Saw
28:20 Scale Barding Armor
28:51 Iron Casting
29:52 Gold Shaft Mining
30:35 Husbandry
31:29 Chain Barding Armor
38:10 Light Cavalry
41:08 Hand Cart
Connection lost

Rejoining the realm…

Still unreachable

The connection could not be restored.

Session expired

The server has moved on; the page needs a fresh start.